 Dungeon Crawl Stone Soup version 0.30-a0-210-g01b79a254e (webtiles) character file.

Game seed: 2717523431561334370

830 funkygono the Firebug (level 7, -5/37 HPs)
             Began as a Gargoyle Fire Elementalist on Oct 4, 2022.
             Slain by a gnoll
             ... wielding a +0 flail
             ... led by a gnoll bouda
              (11 damage)
             ... on level 6 of the Dungeon.
             The game lasted 00:07:56 (5074 turns).

funkygono the Firebug (Gargoyle Fire Elementalist)  Turns: 5074, Time: 00:07:56

Health: -5/37      AC:  7    Str: 11    XL:     7   Next: 97%
Magic:  7/14       EV: 12    Int: 18    God:
Gold:   285        SH:  0    Dex: 10    Spells: 6/16 levels left

rFire   . . .      SeeInvis .    m - +5 whip
rCold   . . .      Faith    .    (no shield)
rNeg    + . .      Spirit   .    a - +0 robe
rPois   ∞          Reflect  .    (no helmet)
rElec   +          Harm     .    (no cloak)
rCorr   .          Rampage  .    (no gloves)
Will    .....                    u - +0 pair of boots
Stlth   ++........               (no amulet)
HPRegen 0.26/turn                (no ring)
MPRegen 0.14/turn                (no ring)

@: weakened
A: sickness immunity, AC +4, negative energy resistance 1, electricity
resistance, torment resistance 1, petrification resistance
a: no special abilities


You were on level 6 of the Dungeon.
You visited 1 branch of the dungeon, and saw 6 of its levels.

You collected 285 gold pieces.

Inventory:

Hand Weapons
 m - a +5 whip (weapon)
Armour
 a - a +0 robe (worn)
 u - a +0 pair of boots (worn)
Wands
 h - a wand of digging (3)
 i - a wand of polymorph (10)
 k - a wand of acid (23)
 s - a wand of flame (3)
 t - a wand of charming (9)
Scrolls
 c - 2 scrolls of butterflies
 e - a scroll of immolation
 g - 3 scrolls of magic mapping
 v - a scroll of teleportation
Potions
 b - a potion of magic
 d - 2 potions of lignification
 f - a potion of brilliance
 j - 4 potions of ambrosia
 l - 3 potions of heal wounds
 o - 2 potions of curing
 p - a potion of might {unknown}
 q - 2 potions of flight {unknown}
 r - 2 potions of haste {unknown}
 w - a potion of attraction {unknown}


   Skills:
 + Level 0.4 Fighting
 + Level 1.5 Maces & Flails
 + Level 2.1 Dodging
 - Level 2.1 Stealth
 + Level 5.2 Spellcasting
 + Level 4.2 Conjurations
 + Level 5.7 Fire Magic


You had 6 spell levels left.
You knew the following spells:

 Your Spells              Type           Power      Damage    Failure   Level
a - Foxfire               Conj/Fire      88%        2x1d8     1%          1
b - Scorch                Fire           50%        2d7       1%          2
c - Kindle Blastsparks    Fire/Tloc/Air  22%        2d11      19%         3
d - Flame Wave            Conj/Fire      22%        2d8       17%         4

Your spell library contained the following spells:

 Spells                   Type           Power      Damage    Failure   Level
 Inner Flame              Hex/Fire       15%        N/A       12%         3
 Ignite Poison            Fire/Tmut/Pois 11%        N/A       19%         3
 Leda's Liquefaction      Hex/Erth       2%         N/A       78%         4
 Freezing Cloud           Conj/Ice/Air   4%         6-21      90%         5
 Lee's Rapid Deconstruct  Erth           2%         3d5*      98%         5
 Statue Form              Tmut/Erth      Unusable   N/A       N/A         6

Dungeon Overview and Level Annotations

Branches:
Dungeon (6/15)
 Temple: D:4-7

Altars:
Fedhas
Qazlal

Shops:
D:5 :


Innate Abilities, Weirdness & Mutations

You are immune to sickness and miasma.
Your stone body is resilient. (AC +4)
You are immune to poison.
You resist negative energy. (rN+)
You are resistant to electric shocks. (rElec)
You are resistant to unholy torment.
You are immune to petrification.


Message History

The gnoll is severely wounded.
The gnoll closely misses you. The gnoll attacks as you move away!
The gnoll barely misses you. The gnoll hits you with a +0 whip.
Casting: Foxfire (safe; 1% risk of failure)
Confirm with . or Enter, or press ? or * to list all spells.
You conjure some foxfire!
The gnoll hits you with a +0 flail! The gnoll barely misses you.
The gnoll bouda calls upon its god to heal the gnoll.
The gnoll is healed somewhat.
Unknown command.
The foxfire hits the gnoll.
The gnoll is lightly wounded.
The foxfire hits the gnoll.
The gnoll is heavily wounded.
The gnoll bouda gazes fiercely through you!
You feel your attacks grow feeble.
The gnoll is no longer moving quickly. x2
The gnoll bouda barks out a call to the hunt!
The gnolls pick up the pace!
Casting: Foxfire (safe; 1% risk of failure)
Confirm with . or Enter, or press ? or * to list all spells.
You conjure some foxfire!
The gnoll barely misses you. The gnoll hits you with a +0 whip.
Unknown command.
The gnoll attacks as you move away! The gnoll hits you with a +0 whip.
* * * LOW HITPOINT WARNING * * *
The foxfire hits the gnoll.
The gnoll is moderately wounded.
The foxfire hits the gnoll but does no damage.
The gnoll is heavily wounded.
The gnoll hits you but does no damage. The gnoll closely misses you.
The gnoll misses you.
The gnoll bouda gazes fiercely through you!
You feel as though you will be weak longer.
There is an open door here.
The gnoll attacks as you move away! The gnoll hits you with a +0 whip.
* * * LOW HITPOINT WARNING * * *
The gnoll attacks as you move away! The gnoll hits you with a +0 flail!
You die...

#################
#...............#
#...............# .
#.......g.......# .####
#.######..g###..#
#...###.########g##
.g.g............@.#
....).............#
##.)##..##..##...##
#..##..##+###'######+#
'...#............>....#
#...#.................#
#...#.................#
#...#.................#
#...# ................#


You could see a gnoll bouda and 2 gnolls.

Vanquished Creatures
  A water moccasin (D:5)
  An ice beast (D:5)
  A centaur (D:6)
  2 scorpions
  An orc priest (D:3)
  3 hounds
  Terence (D:2)
  3 iguanas
  An orc wizard (D:3)
  A gnoll (D:6)
  7 adders
  2 white imps
  2 worms
  A dart slug (D:5)
  15 orcs
  4 bats
  9 endoplasms
  3 giant cockroaches
  4 goblins
  8 hobgoblins
  4 quokkas
  7 ball pythons
  4 frilled lizards
  12 kobolds
  7 rats
104 creatures vanquished.

Vanquished Creatures (others)
  288 foxfires
  9 plants
297 creatures vanquished.

Grand Total: 401 creatures vanquished

Notes
Turn   | Place    | Note
-------+----------+-------------------------------------------
     0 | D:1      | funkygono the Gargoyle Fire Elementalist began the quest
                  | for the Orb.
     0 | D:1      | Reached XP level 1. HP: 10/10 MP: 3/3
   146 | D:1      | Reached XP level 2. HP: 15/15 MP: 0/5
   149 | D:1      | Learned a level 2 spell: Scorch
   351 | D:1      | Found a faded altar of an unknown god.
  1061 | D:2      | Reached XP level 3. HP: 19/19 MP: 1/6
  1065 | D:2      | Learned a level 3 spell: Kindle Blastsparks
  1255 | D:2      | Noticed Terence
  1311 | D:2      | Killed Terence
  1312 | D:2      | Reached XP level 4. HP: 21/24 MP: 1/7
  1789 | D:3      | Reached XP level 5. HP: 28/28 MP: 1/9
  2333 | D:3      | Reached XP level 6. HP: 23/32 MP: 0/11
  2604 | D:3      | Reached skill level 1 in Maces & Flails
  2910 | D:3      | Learned a level 4 spell: Flame Wave
  3033 | D:4      | Reached skill level 5 in Fire Magic
  3673 | D:4      | Reached XP level 7. HP: 37/37 MP: 7/13
  4133 | D:5      | Entered Level 5 of the Dungeon
  4325 | D:5      | Found Xueqokon's Book Shoppe.
  4530 | D:5      | Found a stormy altar of Qazlal.
  4530 | D:5      | Found a blossoming altar of Fedhas.
  4986 | D:6      | Reached skill level 5 in Spellcasting
  5074 | D:6      | Slain by a gnoll

Illustrated notes

Levels and vault maps discovered:
D:1:      matt_arrival_diagonals, layout_loops_ring, basic_ecumenical_altar
D:2:      layout_rooms, uniq_terence
D:3:      minmay_evil_eye, layout_loops_ring, serial_bayou_pond_b
D:4:      layout_basic, nicolae_elevator_lobby_plus
D:5:      layout_cave_pools, grunt_temple_overflow_forces_of_nature,
          serial_shops, shop, kennysheep_generic_room_11
D:6:      due_chaos_kobolds, layout_gridville,
          minmay_temple_entry_enclosed_plants, nicolae_grassy_gnolls

Skill      XL: |  1  2  3  4  5  6  7 |
---------------+----------------------+-----
Conjurations   | 2 3 4 |  4.2
Fire Magic     | 4 5 |  5.7
Spellcasting   | 3 4 5 |  5.2
Dodging        | 2 |  2.1
Maces & Flails | 1 |  1.5
Fighting       | |  0.4
Stealth        | |  2.1

Action                   |  1- 3 |  4- 6 |  7- 9 || total
-------------------------+-------+-------+-------++-------
Melee: Club              |     7 |       |       ||     7
       Whip              |     4 |    21 |     3 ||    28
 Cast: Foxfire           |    45 |    89 |    36 ||   170
       Scorch            |     5 |    12 |     5 ||    22
  Use: Scroll            |       |    11 |     3 ||    14
Armor: Robe              |     6 |    12 |     4 ||    22
Dodge: Dodged            |    22 |    25 |    11 ||    58

Table legend: (Time is in decaauts)
 A = Elapsed time spent in this place.
 B = Non-inter-level travel time spent in this place.
 C = Inter-level travel time spent in this place.
 D = Time resting spent in this place.
 E = Time spent auto-exploring this place.
 F = Levels seen in this place.
 G = Mean time per level.
                   A        B        C        D        E       F      G
               +--------+--------+--------+--------+--------+-----+--------+
         Total |   5078 |   4952 |    126 |    169 |   4022 |   6 |  846.3 |
       Dungeon |   5078 |   4952 |    126 |    169 |   4022 |   6 |  846.3 |
               +--------+--------+--------+--------+--------+-----+--------+

Top non-repeatable levels by time:
     D:3: 1242 daAuts
     D:4: 1194 daAuts
     D:1: 859 daAuts
     D:5: 841 daAuts
     D:2: 840 daAuts
     D:6: 99 daAuts
